AoeStats
← Barón de la Cerveza

Arena

504582123Analyzed
1v1 RM · 28d ago on Sep 5, 2026· 50m 19s· 2 players
Game mode
Random Map
Map size
Tiny (2 player)
Population
200
Speed
Normal
Resources
Standard
Victory
Conquest
Starting age
Dark Age
Ending age
Imperial Age
RankedLock teamsTeams togetherTeam positionsShared explorationLock speedFull tech treeHidden civsTurbo modeCheats
Victory
Defeat
🇲🇽 Gurjaras · Mexico
1824
+12
🇨🇴 Burmese · Colombia
1744
-12
WryPig
10:12 Feudal Age
14:25 Castle Age
13:01 Horse Collar
15:36 Heavy Plow
17:03 Fervor
17:38 Sanctity
20:42 Wheelbarrow
20:52 Wheelbarrow
20:20 Gold Mining
21:36 Stone Mining
23:44 Hand Cart
25:29 Atonement
26:07 Town Watch
26:07 Loom
29:00 Imperial Age
28:06 Scale Mail Armor
28:17 Forging
27:32 Pikeman
28:13 Squires
27:58 Gambesons
28:01 Arson
30:05 Chain Mail Armor
30:25 Iron Casting
29:25 Halberdier
30:24 Scale Barding Armor
31:49 Husbandry
32:00 Bloodlines
32:18 Conscription
32:37 Plate Mail Armor
33:08 Blast Furnace
33:07 Crop Rotation
33:59 Chain Barding Armor
35:48 Plate Barding Armor
36:14 Blast Furnace
35:58 Elite Battle Elephant
37:48 Howdah
39:07 Fletching
39:44 Ballistics
39:50 Devotion
41:56 Faith
41:58 Masonry
43:51 Chemistry
42:58 Bodkin Arrow
44:48 Light Cavalry
46:29 Hussar
47:30 Bracer
Barón de la Cerveza
11:07 Feudal Age
15:05 Castle Age
13:16 Horse Collar
13:50 Double-Bit Axe
15:21 Light Cavalry
16:58 Bow Saw
17:13 Heavy Plow
20:48 Stone Mining
22:49 Wheelbarrow
26:41 Loom
27:11 Hand Cart
29:54 Imperial Age
27:59 Crossbowman
28:33 Fletching
28:49 Kshatriyas
28:53 Town Watch
29:53 Bodkin Arrow
29:59 Padded Archer Armor
30:21 Ballistics
30:35 Thumb Ring
31:24 Bracer
32:26 Chemistry
32:45 Leather Archer Armor
32:43 Elite Elephant Archer
35:35 Sanctity
35:17 Gold Mining
36:02 Stone Shaft Mining
36:12 Conscription
36:29 Hoardings
35:19 Hussar
36:09 Bloodlines
36:00 Husbandry
37:17 Scale Barding Armor
37:23 Forging
40:57 Chain Barding Armor
43:40 Masonry
43:10 Treadmill Crane
44:09 Heavy Camel Rider
44:56 Elite Chakram Thrower
45:40 Scale Mail Armor
46:15 Plate Barding Armor
46:43 Chain Mail Armor
47:04 Iron Casting
Connection lost

Rejoining the realm…

Still unreachable

The connection could not be restored.

Session expired

The server has moved on; the page needs a fresh start.